[ AOE2 MATCH · #507060120 ]
UnrankedMongols vs Japanese
Player's team · WIN
Rival team · LOSS
[ REPLAY ANALYSIS · EXTRACTED FROM THE RECORDED GAME ]
Feudal
19:22
Castle
—
Imperial
—
| APM avg | 57.4 |
| APM peak | 93 |
| eAPM avg | 19.7 |
| Villagers / military | 59 / 27 |
Focus
⚔️ 24.1% · 🌾 75.9%
Archer ×18 · Skirmisher ×9
Feudal
9:16
Castle
—
Imperial
—
| APM avg | 64.1 |
| APM peak | 114 |
| eAPM avg | 19.2 |
| Villagers / military | 36 / 36 |
Focus
⚔️ 35.0% · 🌾 65.0%
Archer ×36
Match map
Initial resources + every placement click. Lines = walls · curves = elevation contours. ◆ gold · ⬟ stone · ● berries · ✦ relic · ◌ wall gap
Your base· Open — unwalled flank
CeCa_Mascherano014's base· Open — unwalled flank
Smoothed initial terrain · ◌ = detected wall gap · hover for details
Inputs per minute
— Guthrie_Govan - - CeCa_Mascherano014
Build order — Guthrie_Govan
First 150 of 171 actions detected
| 0:02 | Queue | Villager (Male) |
| 0:02 | Queue | Villager (Male) |
| 0:03 | Queue | Villager (Male) |
| 0:03 | Queue | Villager (Male) |
| 0:05 | Build | House |
| 0:06 | Build | House |
| 1:18 | Build | Palisade Wall |
| 1:35 | Queue | Villager (Male) |
| 2:05 | Queue | Villager (Male) |
| 2:05 | Queue | Villager (Male) |
| 2:09 | Build | Lumber Camp |
| 2:25 | Queue | Villager (Male) |
| 2:29 | Queue | Villager (Male) |
| 2:30 | Queue | Villager (Male) |
| 2:44 | Build | Palisade Wall |
| 2:53 | Queue | Villager (Male) |
| 3:24 | Queue | Villager (Male) |
| 3:31 | Queue | Villager (Male) |
| 3:35 | Build | House |
| 3:36 | Build | House |
| 4:24 | Queue | Villager (Male) |
| 4:29 | Queue | Villager (Male) |
| 4:31 | Queue | Villager (Male) |
| 5:25 | Research | Loom |
| 5:25 | Research | Loom |
| 5:32 | Build | Mill |
| 5:55 | Queue | Villager (Male) |
| 5:56 | Queue | Villager (Male) |
| 5:56 | Queue | Villager (Male) |
| 6:10 | Queue | Villager (Male) |
| 6:10 | Queue | Villager (Male) |
| 6:48 | Build | Town Center |
| 7:39 | Queue | Villager (Male) |
| 7:40 | Queue | Villager (Male) |
| 7:40 | Queue | Villager (Male) |
| 7:40 | Queue | Villager (Male) |
| 8:50 | Queue | Villager (Male) |
| 9:24 | Queue | Villager (Male) |
| 10:19 | Queue | Villager (Male) |
| 10:30 | Build | House |
| 11:09 | Queue | Villager (Male) |
| 11:41 | Queue | Villager (Male) |
| 11:42 | Queue | Villager (Male) |
| 11:42 | Queue | Villager (Male) |
| 12:10 | Build | House |
| 12:24 | Build | Palisade Wall |
| 12:33 | Queue | Villager (Male) |
| 12:34 | Queue | Villager (Male) |
| 12:45 | Build | House |
| 13:22 | Build | Palisade Wall |
| 13:23 | Build | Palisade Wall |
| 13:24 | Build | Palisade Wall |
| 13:37 | Build | House |
| 14:02 | Queue | Villager (Male) |
| 14:12 | Build | House |
| 14:15 | Build | Palisade Wall |
| 14:16 | Build | Palisade Wall |
| 14:20 | Build | House |
| 14:26 | Queue | Villager (Male) |
| 14:44 | Build | Lumber Camp |
| 14:55 | Queue | Villager (Male) |
| 15:04 | Build | Palisade Wall |
| 15:07 | Build | Palisade Wall |
| 15:13 | Queue | Villager (Male) |
| 15:52 | Queue | Villager (Male) |
| 16:15 | Queue | Villager (Male) |
| 16:47 | Build | Mining Camp |
| 17:12 | Research | Feudal Age |
| 17:12 | Research | Feudal Age |
| 17:36 | Build | Mining Camp |
| 17:50 | Build | Barracks |
| 18:07 | Build | House |
| 18:37 | Build | Lumber Camp |
| 19:22 | Age | Feudal Age |
| 19:25 | Build | Archery Range |
| 19:28 | Build | Blacksmith |
| 19:29 | Research | Double-Bit Axe |
| 19:40 | Build | Watch Tower |
| 19:43 | Queue | Villager (Male) |
| 19:50 | Queue | Villager (Male) |
| 19:55 | Queue | Skirmisher |
| 20:04 | Build | Watch Tower |
| 20:13 | Queue | Skirmisher |
| 20:22 | Queue | Skirmisher |
| 20:28 | Build | Farm |
| 20:29 | Build | Farm |
| 20:37 | Build | Farm |
| 20:39 | Build | Farm |
| 20:41 | Build | Farm |
| 20:43 | Build | Watch Tower |
| 21:04 | Queue | Archer |
| 21:04 | Queue | Archer |
| 21:19 | Research | Fletching |
| 21:19 | Research | Fletching |
| 21:26 | Build | Watch Tower |
| 21:39 | Build | Stone Wall |
| 21:40 | Build | Stone Wall |
| 21:40 | Build | Stone Wall |
| 21:41 | Build | Stone Wall |
| 21:56 | Queue | Skirmisher |
| 21:57 | Queue | Skirmisher |
| 22:02 | Build | Farm |
| 22:20 | Queue | Villager (Male) |
| 22:53 | Build | House |
| 22:56 | Build | Farm |
| 23:08 | Queue | Skirmisher |
| 23:09 | Queue | Villager (Male) |
| 23:12 | Build | Farm |
| 23:26 | Build | Watch Tower |
| 23:32 | Build | Watch Tower |
| 23:38 | Queue | Villager (Male) |
| 23:41 | Build | Farm |
| 24:13 | Queue | Archer |
| 24:14 | Queue | Villager (Male) |
| 24:16 | Build | Farm |
| 24:17 | Queue | Villager (Male) |
| 24:27 | Build | Market |
| 24:32 | Build | House |
| 24:33 | Build | House |
| 24:46 | Build | Farm |
| 25:04 | Build | Watch Tower |
| 25:07 | Queue | Archer |
| 25:08 | Queue | Villager (Male) |
| 25:17 | Build | Lumber Camp |
| 25:27 | Queue | Villager (Male) |
| 25:34 | Queue | Archer |
| 26:07 | Build | Watch Tower |
| 26:11 | Queue | Villager (Male) |
| 26:18 | Queue | Archer |
| 26:29 | Build | Watch Tower |
| 26:33 | Queue | Villager (Male) |
| 26:51 | Queue | Villager (Male) |
| 27:14 | Queue | Archer |
| 27:14 | Queue | Archer |
| 27:15 | Queue | Villager (Male) |
| 27:22 | Build | Farm |
| 27:35 | Queue | Villager (Male) |
| 28:00 | Queue | Villager (Male) |
| 28:07 | Queue | Villager (Male) |
| 28:12 | Build | Watch Tower |
| 28:15 | Queue | Skirmisher |
| 28:23 | Build | Farm |
| 28:36 | Queue | Archer |
| 28:37 | Queue | Villager (Male) |
| 28:46 | Build | Archery Range |
| 29:07 | Build | Farm |
| 29:15 | Build | Watch Tower |
| 29:17 | Queue | Archer |
| 29:18 | Queue | Archer |
| 29:19 | Queue | Villager (Male) |
Build order — CeCa_Mascherano014
112 actions detected in the replay
| 0:01 | Queue | Villager (Male) |
| 0:01 | Queue | Villager (Male) |
| 0:01 | Queue | Villager (Male) |
| 0:02 | Queue | Villager (Male) |
| 0:02 | Build | House |
| 0:04 | Build | House |
| 1:27 | Queue | Villager (Male) |
| 1:27 | Queue | Villager (Male) |
| 1:55 | Queue | Villager (Male) |
| 2:29 | Queue | Villager (Male) |
| 2:29 | Queue | Villager (Male) |
| 2:31 | Build | Lumber Camp |
| 2:53 | Queue | Villager (Male) |
| 2:53 | Queue | Villager (Male) |
| 3:05 | Queue | Villager (Male) |
| 3:06 | Queue | Villager (Male) |
| 3:38 | Queue | Villager (Male) |
| 3:38 | Queue | Villager (Male) |
| 3:38 | Queue | Villager (Male) |
| 3:49 | Build | House |
| 3:54 | Queue | Villager (Male) |
| 3:54 | Queue | Villager (Male) |
| 3:55 | Queue | Villager (Male) |
| 4:06 | Queue | Villager (Male) |
| 4:07 | Queue | Villager (Male) |
| 4:09 | Build | House |
| 4:33 | Queue | Villager (Male) |
| 4:33 | Queue | Villager (Male) |
| 5:17 | Queue | Villager (Male) |
| 5:17 | Queue | Villager (Male) |
| 5:20 | Build | Barracks |
| 5:37 | Queue | Villager (Male) |
| 5:37 | Queue | Villager (Male) |
| 5:38 | Queue | Villager (Male) |
| 5:47 | Queue | Villager (Male) |
| 5:47 | Queue | Villager (Male) |
| 5:47 | Queue | Villager (Male) |
| 5:52 | Queue | Villager (Male) |
| 5:52 | Queue | Villager (Male) |
| 6:18 | Build | Palisade Wall |
| 6:22 | Queue | Villager (Male) |
| 6:33 | Research | Loom |
| 6:34 | Research | Loom |
| 6:52 | Build | Mining Camp |
| 7:02 | Research | Feudal Age |
| 7:03 | Research | Feudal Age |
| 7:36 | Build | House |
| 8:59 | Build | Palisade Wall |
| 9:02 | Queue | Villager (Male) |
| 9:15 | Queue | Villager (Male) |
| 9:16 | Age | Feudal Age |
| 9:26 | Build | House |
| 9:43 | Build | Palisade Wall |
| 12:47 | Build | Lumber Camp |
| 13:11 | Build | House |
| 14:35 | Build | House |
| 15:54 | Build | Barracks |
| 16:28 | Build | Watch Tower |
| 16:34 | Build | Archery Range |
| 17:01 | Build | Mining Camp |
| 17:17 | Queue | Archer |
| 17:18 | Queue | Archer |
| 17:23 | Build | Mill |
| 18:09 | Build | Archery Range |
| 18:27 | Queue | Archer |
| 18:27 | Queue | Archer |
| 18:52 | Build | House |
| 18:56 | Build | Palisade Wall |
| 19:03 | Queue | Archer |
| 19:23 | Queue | Archer |
| 19:24 | Queue | Archer |
| 19:37 | Build | Blacksmith |
| 19:56 | Queue | Archer |
| 19:57 | Queue | Archer |
| 20:14 | Build | Palisade Wall |
| 20:21 | Queue | Archer |
| 20:21 | Queue | Archer |
| 20:43 | Research | Fletching |
| 21:06 | Queue | Archer |
| 21:07 | Queue | Archer |
| 22:16 | Build | Lumber Camp |
| 22:20 | Queue | Archer |
| 22:21 | Queue | Archer |
| 22:21 | Queue | Archer |
| 22:44 | Build | Lumber Camp |
| 23:15 | Queue | Archer |
| 23:15 | Queue | Archer |
| 23:16 | Queue | Archer |
| 23:35 | Queue | Archer |
| 23:35 | Queue | Archer |
| 23:41 | Build | Watch Tower |
| 24:50 | Build | Market |
| 24:58 | Queue | Archer |
| 24:59 | Queue | Archer |
| 24:59 | Queue | Archer |
| 25:34 | Queue | Archer |
| 25:34 | Queue | Archer |
| 25:59 | Queue | Archer |
| 26:00 | Queue | Archer |
| 26:14 | Build | House |
| 26:22 | Queue | Archer |
| 26:23 | Queue | Archer |
| 26:45 | Queue | Archer |
| 26:45 | Queue | Archer |
| 27:05 | Build | Mining Camp |
| 27:11 | Queue | Archer |
| 27:29 | Queue | Archer |
| 28:31 | Queue | Archer |
| 28:31 | Queue | Archer |
| 28:54 | Build | Lumber Camp |
| 30:20 | Build | Town Center |
| 31:24 | Build | Mining Camp |
Match timeline
| 1:18 | Guthrie_Govan · wall_segment Palisade Wall x1 |
| 2:44 | Guthrie_Govan · wall_segment Palisade Wall x1 |
| 5:20 | CeCa_Mascherano014 · first_building Barracks |
| 6:18 | CeCa_Mascherano014 · wall_segment Palisade Wall x10 |
| 8:59 | CeCa_Mascherano014 · wall_segment Palisade Wall x4 |
| 9:16 | CeCa_Mascherano014 · age_up feudal |
| 9:43 | CeCa_Mascherano014 · wall_segment Palisade Wall x1 |
| 12:24 | Guthrie_Govan · wall_segment Palisade Wall x1 |
| 13:22 | Guthrie_Govan · wall_segment Palisade Wall x1 |
| 13:23 | Guthrie_Govan · wall_segment Palisade Wall x1 |
| 13:24 | Guthrie_Govan · wall_segment Palisade Wall x1 |
| 14:15 | Guthrie_Govan · wall_segment Palisade Wall x1 |
| 14:16 | Guthrie_Govan · wall_segment Palisade Wall x1 |
| 15:04 | Guthrie_Govan · wall_segment Palisade Wall x6 |
| 15:07 | Guthrie_Govan · wall_segment Palisade Wall x1 |
| 16:34 | CeCa_Mascherano014 · first_building Archery Range |
| 17:50 | Guthrie_Govan · first_building Barracks |
| 18:56 | CeCa_Mascherano014 · wall_segment Palisade Wall x6 |
| 19:22 | Guthrie_Govan · age_up feudal |
| 19:25 | Guthrie_Govan · first_building Archery Range |
| 20:14 | CeCa_Mascherano014 · wall_segment Palisade Wall x6 |
| 21:39 | Guthrie_Govan · wall_segment Stone Wall x1 |
| 21:40 | Guthrie_Govan · wall_segment Stone Wall x1 |
| 21:40 | Guthrie_Govan · wall_segment Stone Wall x1 |
| 21:41 | Guthrie_Govan · wall_segment Stone Wall x1 |
| 25:55 | Guthrie_Govan · first_market_sell 100 wood |
| 28:06 | Guthrie_Govan · first_market_buy 100 stone |
| 28:33 | CeCa_Mascherano014 · first_market_sell 100 wood |
| 28:36 | CeCa_Mascherano014 · first_market_buy 100 stone |
| 31:48 | CeCa_Mascherano014 · resign |
[ AI ANALYSIS · 1 CREDIT ]
What really happened in this match?
Wolo.gg analyzes every decision: build order, eco, micro, common mistakes by bracket. Personalized analysis on WhatsApp or Discord in 30 seconds.
Civ guide
Mongols
Perfil
Jugador #4224302